 Dungeon Crawl Stone Soup version 0.23-a0-483-g32a748b514 (webtiles) character file.

1046 Naow the Cleaver (level 8, -3/58 HPs)
             Began as a Formicid Fighter on Nov 30, 2018.
             Slain by a wight
             ... wielding a +6 dire flail
              (15 damage)
             ... on level 4 of the Dungeon.
             The game lasted 00:05:29 (4664 turns).

Naow the Cleaver (Formicid Fighter)                 Turns: 4664, Time: 00:05:29

Health: -3/58      AC: 11    Str: 22    XL:     8   Next: 50%
Magic:  8/8        EV:  7    Int:  9    God:
Gold:   183        SH:  9    Dex: 10    Spells: 7/7 levels left

rFire    . . .     SeeInvis +   a - +0 war axe
rCold    . . .     Gourm    .   c - +0 shield
rNeg     . . .     Faith    .   b - +0 scale mail
rPois    +         Spirit   .   (helmet unavailable)
rElec    .         Reflect  .   p - +1 cloak {rPois}
rCorr    .         Harm     .   (no gloves)
MR       .....                  n - +2 pair of boots
Stlth    ..........             (no amulet)
HPRegen  0.19/turn              (no ring)
MPRegen  0.11/turn              (no ring)

@: drained
A: permanent stasis, dig shafts and tunnels, four strong arms, antennae 3
a: Dig, Shaft Self


You were on level 4 of the Dungeon.
You were not hungry.

You visited 1 branch of the dungeon, and saw 5 of its levels.

You collected 183 gold pieces.

Inventory:

Hand Weapons
 a - a +0 war axe (weapon)
Armour
 b - a +0 scale mail (worn)
 c - a +0 shield (worn)
 n - a +2 pair of boots (worn)
 p - a +1 cloak of poison resistance (worn)
Jewellery
 u - a +6 ring of evasion
Wands
 o - a wand of digging (1)
 y - a wand of random effects (24)
Scrolls
 h - 5 scrolls of enchant armour {unknown}
 j - 3 scrolls of random uselessness {unknown}
 l - a scroll of amnesia {unknown}
 q - 4 scrolls of enchant weapon {unknown}
 r - 2 scrolls of remove curse {unknown}
 s - 2 scrolls of magic mapping {unknown}
 t - 3 scrolls of identify {unknown}
 v - a scroll of fog {unknown}
 w - 2 scrolls of fear {unknown}
 z - 2 scrolls of teleportation {unknown}
 A - a scroll of immolation {unknown}
Potions
 d - a potion of might
 e - a potion of magic {unknown}
 g - 3 potions of heal wounds {unknown}
 i - a potion of lignification {unknown}
 k - a potion of resistance {unknown}
 m - 3 potions of curing
 x - a potion of brilliance {unknown}
Comestibles
 f - 7 rations
 B - a chunk of flesh


   Skills:
 - Level 3.2(2.6) Fighting
 + Level 9.6(8.8) Axes
 - Level 3.2(2.6) Armour
 - Level 3.6(2.9) Shields


You had 7 spell levels left.
You didn't know any spells.
Your spell library was empty.

Dungeon Overview and Level Annotations

Branches:
Dungeon (5/15)             Temple (0/1) D:4

Altars:
Makhleb
Sif Muna
Trog
Xom

Annotations:
D:5 Ijyb


Innate Abilities, Weirdness & Mutations

You cannot be hasted, slowed, berserked, paralysed or teleported.
You can dig through walls and to a lower floor.
Your four strong arms can wield two-handed weapons with a shield.
You have a pair of large antennae on your head. (SInv)


Message History

Found a ration.
Found a stone staircase leading down.
Ijyb the Twisted Goblin comes into view.
She is wielding a +0 club and carrying Ijyb shouts!
Found two robes.
The wight barely misses you. Ijyb screams, "I cut your head off!"
Found a ring mail.
Ijyb grins evilly.
Some of the chunks of flesh in your inventory have rotted away.
Ijyb screams, "I dance on your bones!"
There is a stone staircase leading up, spattered with blood here.
Things that are here:
a tomahawk; a +0 robe; a +0 dagger The wight hits you but does no damage.
You climb upwards.
There is a stone staircase leading down here.
You barely miss the wight.
The wight is lightly damaged.
The wight hits you with a +6 dire flail!
You die...

#.#
####.####..##....<.####
#.# #.# #..##.##.......
#.# #.# #..##.#########
#.###### #.# #..##.####
#......###.####........#
######...........##.##.#
###.###.#.#.##.##.# #.#
#z#.#.#..##.# #.#
#@#.#.#.###.#
##.###.#.#.#.###[#
###.#.##.#.#.....)<#
#..###.....##.#.##.#
#.## ##.####.###.#.####
#..###..# #.## ##.....#
#...#.#.# ##.###.#..<.#
#..#.##.# #..#.####..#
#..####.# #.#.## #..#


You could see a wight.

Vanquished Creatures
  Sigmund (D:2)
  Eustachio (D:5)
  Menkaure (D:5)
  A phantom (D:5)
  A scorpion (D:4)
  2 wights (D:5)
  2 hounds (D:2)
  An orc wizard (D:5)
  Crazy Yiuf (D:2)
  2 orc priests (D:4)
  An iguana (D:5)
  A hound skeleton (D:5)
  Robin (D:4)
  3 adders
  A shadow imp (D:5)
  2 oozes
  3 worms
  3 dart slugs
  6 leopard geckos
  16 orcs
  9 bats
  6 giant cockroaches
  10 goblins
  7 hobgoblins
  6 quokkas
  2 ball pythons
  A ball python skeleton (D:4)
  3 frilled lizards
  6 kobolds
  6 rats
106 creatures vanquished.

Vanquished Creatures (others)
  A hobgoblin (D:2)
1 creature vanquished.

Grand Total: 107 creatures vanquished

Notes
Turn   | Place    | Note
-------+----------+-------------------------------------------
     0 | D:1      | Naow the Formicid Fighter began the quest for the Orb.
     0 | D:1      | Reached XP level 1. HP: 18/18 MP: 1/1
    91 | D:1      | Reached XP level 2. HP: 23/24 MP: 2/2
   260 | D:1      | Reached skill level 3 in Axes
   418 | D:1      | Reached XP level 3. HP: 28/29 MP: 3/3
   933 | D:2      | Reached skill level 4 in Axes
   933 | D:2      | Reached XP level 4. HP: 14/35 MP: 4/4
  1306 | D:2      | Found a shimmering altar of Xom.
  1310 | D:2      | Reached XP level 5. HP: 32/41 MP: 5/5
  1614 | D:2      | Found a runed door.
  1704 | D:2      | Reached skill level 5 in Axes
  1763 | D:2      | Found a burning altar of Makhleb.
  1816 | D:2      | Noticed Sigmund
  1827 | D:2      | Killed Sigmund
  1827 | D:2      | Reached skill level 6 in Axes
  1827 | D:2      | Reached XP level 6. HP: 38/47 MP: 6/6
  1972 | D:2      | Noticed Crazy Yiuf
  1977 | D:2      | Killed Crazy Yiuf
  2492 | D:3      | Found a deep blue altar of Sif Muna.
  2835 | D:4      | Reached XP level 7. HP: 50/52 MP: 7/7
  3005 | D:4      | Found a bloodstained altar of Trog.
  3034 | D:4      | Reached skill level 7 in Axes
  3232 | D:4      | Found a bloodstained altar of Trog.
  3290 | D:4      | Noticed Robin
  3304 | D:4      | Killed Robin
  3516 | D:4      | Found a staircase to the Ecumenical Temple.
  3534 | D:5      | Entered Level 5 of the Dungeon
  3772 | D:5      | Noticed Eustachio
  3776 | D:5      | Killed Eustachio
  3776 | D:5      | Reached skill level 8 in Axes
  3780 | D:5      | Noticed Menkaure
  3789 | D:4      | HP: 1/52 [orc priest/+0 hand axe (5)]
  3790 | D:4      | Reached XP level 8. HP: 2/58 MP: 8/8
  4100 | D:5      | Killed Menkaure
  4100 | D:5      | Reached skill level 9 in Axes
  4622 | D:5      | Noticed Ijyb
  4664 | D:4      | Slain by a wight

Vault maps used:
D:1:      minmay_arrival_stair_chambers
D:2:      nicolae_overflow_crystal_walls, makhleb_heckhound_becter,
          uniq_sigmund, uniq_crazy_yiuf_cottage
D:3:      led_sif_book
D:4:      bloody_trog, minmay_temple_entry_from_below_b,
          corexii_leaking_fountain, trog_butcher_becter, uniq_robin
D:5:      kennysheep_mini_moat, first_ration, uniq_menkaure, uniq_eustachio,
          uniq_ijyb

Skill      XL: |  1  2  3  4  5  6  7  8 |
---------------+-------------------------+-----
Axes           | 3 4 6 8 9 |  9.6
Fighting       | |  3.2
Armour         | |  3.2
Shields        | |  3.6

Action                   |  1- 3 |  4- 6 |  7- 9 || total
-------------------------+-------+-------+-------++-------
Melee: War axe           |    84 |   102 |   149 ||   335
  Eat: Chunk             |       |     6 |     6 ||    12
Armor: Scale mail        |    46 |    33 |    60 ||   139
Dodge: Dodged            |    36 |    41 |    44 ||   121
Block: Shield            |    57 |    43 |    81 ||   181

Table legend:
 A = Non-vault XP
 B = Vault XP
 C = Vault XP percentage of total XP
 D = Non-vault monster count
 E = Vault monster count
 F = Vault count percentage of total count
                 A         B        C        D         E       F
            +---------+---------+-------+---------+---------+-------
      Total |     762 |     733 |  49.0 |      91 |      16 |  15.0
            +---------+---------+-------+---------+---------+-------
        D:1 |      55 |       0 |   0.0 |      27 |       0 |   0.0
        D:2 |      69 |     323 |  82.4 |      18 |       3 |  14.3
        D:3 |      36 |       0 |   0.0 |      12 |       0 |   0.0
        D:4 |     172 |      35 |  16.9 |       8 |      11 |  57.9
        D:5 |     430 |     375 |  46.6 |      26 |       2 |   7.1
            +---------+---------+-------+---------+---------+-------
